[Event "Early-Titled-Tuesday-Blitz-March-26-2024"]
[Site "Chess.com"]
[Date "2024.03.26"]
[Round "2"]
[White "KetiTsatsalashvili"]
[Black "vladislavkovalev"]
[Result "0-1"]
[WhiteElo "2438"]
[BlackElo "2864"]
[TimeControl "180+1"]
[EndTime "8:17:35 PDT"]
[Termination "vladislavkovalev won by checkmate"]

1. d4 Nf6 2. Nf3 e6 3. Bg5 d5 4.
e3 Be7 5. Bd3 b6 6. O-O Bb7 7. Ne5 Nbd7 8. Nd2 Nxe5 9. dxe5 Nd7 10. Bxe7 Qxe7 11. f4 c5 12. c4 O-O-O 13. Qa4 Kb8 14.
cxd5 exd5 15. Ba6 f6 16. Bxb7 Kxb7 17. Qb3 Qe6 18. e4 c4 19. exd5 Qxd5 20. Nxc4 Nc5 21. Qf3 Qxf3 22. Rxf3 Rd4 23. Nd6+ Kc6 24. Rc1 a5 25. Nf5 Rd2 26. Nxg7 fxe5 27. fxe5 Rxb2 28. Re3 Rg8 29. Rg3 Rxa2 30. e6 Re2 31. h4 a4 32.
Kh2 a3 33. Ra1 a2 34. e7 Rxe7 35. Rxa2 Rexg7 36. Rxg7 Rxg7 37. Re2 b5 38. Kh3 b4 39. g4 b3 40. g5 Rb7 41. Rb2 Na4 42.
Rb1 b2 43. Kg4 Nc3 44. Rxb2 Rxb2 45. Kh5 Rb4 46. Kh6 Rxh4+ 47. Kg7 Kd5 48. Kh8 Ke6 49. Kg7 Kf5 50. Kh8 Kg6 51. Kg8 Rf4 52. Kh8 Rf8# 0-1

[Event "Early-Titled-Tuesday-Blitz-March-26-2024"]
[Site "Chess.com"]
[Date "2024.03.26"]
[Round "2"]
[White "GMAneta"]
[Black "Mops_2004"]
[Result "0-1"]
[WhiteElo "2561"]
[BlackElo "2815"]
[TimeControl "180+1"]
[EndTime "8:17:36 PDT"]
[Termination "Mops_2004 won by checkmate"]

1. Nf3 Nf6 2. c4 e6 3. Nc3 d5 4. d4 a6 5. cxd5 exd5 6. Bg5 Be6 7. e3 Nbd7 8. Bd3 Bd6 9. O-O c6 10. Rb1 Qc7 11. b4 h6 12. Bh4 Bg4 13. Bg3 O-O 14. Qc2 Bxf3 15. gxf3 Bxg3 16. hxg3 Qd6 17. Kg2 b5 18. Ne2 a5 19. Rfc1 Nb8 20. a4 axb4 21.
axb5 cxb5 22. Bxb5 Ra5 23. Bd3 Ra3 24. Qc5 Qxc5 25.
dxc5 Rxd3 26. Rxb4 Nc6 27. Rb6 Rc8 28. Nf4 Rd2 29. Ra1 Ne5 30. Ra7 Rxc5 31. Rb8+ Kh7 32. Raa8 g5 33. Rh8+ Kg7 34. Nh5+ Nxh5 35. Rag8+ Kf6 36.
Rxh6+ Ng6 37. Rxh5 Rcc2 38. f4 g4 39. f5 Rxf2+ 40.
Kg1 Rxf5 41. Rh6 Rf3 42. Rh7 Rxg3+ 43. Kf1 Rf3+ 44. Kg1 Rxe3 45. Rgg7 Re1# 0-1

[Event "Early-Titled-Tuesday-Blitz-March-26-2024"]
[Site "Chess.com"]
[Date "2024.03.26"]
[Round "2"]
[White "ahkashefi2800"]
[Black "BlueWizzard"]
[Result "0-1"]
[WhiteElo "2588"]
[BlackElo "2865"]
[TimeControl "180+1"]
[EndTime "8:17:37 PDT"]
[Termination "BlueWizzard won on time"]

1. d4 g6 2. Nf3 Bg7 3. g3 c5 4. Bg2 cxd4 5. Nxd4 Nc6 6. e3 Qb6 7. c3 Nf6 8. O-O O-O 9. Nd2 d5 10. b3 Bg4 11. Bf3 Bh3 12. Bg2 Bxg2 13. Kxg2 e5 14. Nxc6 Qxc6 15. Bb2 d4+ 16. Kg1 dxe3 17. fxe3 Rad8 18.
Qe2 Nd5 19. c4 Nb4 20. Ba3 a5 21. Bxb4 axb4 22. Rad1 e4 23. Qg2 f5 24. Rfe1 Bc3 25.
Rf1 Rd3 26. Nb1 Rxe3 27. Qf2 Rf3 28. Qe2 f4 29. Rxf3 exf3 30. Qf2 Be5 31. gxf4 Bc7 32. Nd2 Bb6 33. Nxf3 Bxf2+ 34. Kxf2 Rxf4 35. Rd3 Qe4 36. Re3 Qf5 37. Kg3 Rg4+ 38. Kf2 Qc2+ 39. Re2 Rg2+ 40. Kxg2 Qxe2+ 41. Kg3 Qxa2 42. Nd4 Qb2 43. Nb5 Qxb3+ 44. Kg2 Qxc4 0-1

[Event "Early-Titled-Tuesday-Blitz-March-26-2024"]
[Site "Chess.com"]
[Date "2024.03.26"]
[Round "2"]
[White "Matibar"]
[Black "Masterisback04"]
[Result "1-0"]
[WhiteElo "2728"]
[BlackElo "1991"]
[TimeControl "180+1"]
[EndTime "8:17:37 PDT"]
[Termination "Matibar won on time"]

1. d4 Nf6 2. c4 g6 3. Nc3 Bg7 4.
e4 d6 5. h3 O-O 6. Nf3 e5 7. d5 a5 8. g4 Bd7 9. Be3 Na6 10. Nd2 c6 11. Be2 cxd5 12. cxd5 b5 13. Nxb5 Ne8 14. Nc3 Rb8 15. Nc4 f5 16. gxf5 gxf5 17.
exf5 Bxf5 18. Bg4 Nb4 19. Bxf5 Rxf5 20. a3 Qh4 21. Qg4 Nc2+ 22. Ke2 Qxg4+ 23. hxg4 Nxe3 24. fxe3 Rg5 25. Rag1 e4 26. Rh5 Rxh5 27. gxh5 Kf8 28. Nxe4 Be5 29. Ng5 h6 30. Ne6+ Ke7 31. Kd3 Nf6 32.
Rg7+ Ke8 33. Nxe5 dxe5 34. d6 1-0

[Event "Early-Titled-Tuesday-Blitz-March-26-2024"]
[Site "Chess.com"]
[Date "2024.03.26"]
[Round "2"]
[White "ChempionBg"]
[Black "ragnaroek66"]
[Result "1-0"]
[WhiteElo "2371"]
[BlackElo "2531"]
[TimeControl "180+1"]
[EndTime "8:17:37 PDT"]
[Termination "ChempionBg won by checkmate"]

1. d4 Nf6 2. c4 e6 3. Nf3 d5 4. g3 Be7 5. Bg2 O-O 6. O-O dxc4 7.
Qc2 b5 8. a4 b4 9. Qxc4 Ba6 10.
Qc2 Nbd7 11. Bf4 c5 12. dxc5 Bxc5 13. Rd1 Qb6 14. e3 b3 15. Qd2 Rfd8 16. Nc3 Ne5 17. Nd4 Nc4 18. Qc1 Rac8 19. Bg5 Bxd4 20.
exd4 Rxd4 21. Bxf6 Rxd1+ 22. Qxd1 gxf6 23. Qg4+ Kh8 24. Qh4 Kg7 25. Ne4 e5 26. Bh3 Rg8 27.
Bf5 h6 28. Rd1 Rd8 29. Qg4+ Kf8 30. Rxd8+ Qxd8 31. Nc5 Nxb2 32. Nd7+ Ke7 33. Qb4+ Ke8 34. Qf8# 1-0

[Event "Early-Titled-Tuesday-Blitz-March-26-2024"]
[Site "Chess.com"]
[Date "2024.03.26"]
[Round "2"]
[White "cristiano78"]
[Black "KarstenHansch"]
[Result "0-1"]
[WhiteElo "2225"]
[BlackElo "2501"]
[TimeControl "180+1"]
[EndTime "8:17:37 PDT"]
[Termination "KarstenHansch won by checkmate"]

1. d4 Nf6 2. c4 g6 3. Nc3 Bg7 4. e4 d6 5. Nf3 O-O 6. Be2 e5 7. O-O Nc6 8. d5 Ne7 9. Be3 Ng4 10. Bg5 f6 11. Bh4 g5 12. Bg3 Nh6 13. Nd2 f5 14. f3 f4 15. Bf2 Rf6 16. b4 Rg6 17. h3 Nf7 18. c5 h5 19. Nc4 g4 20. hxg4 hxg4 21. fxg4 Nh6 22. Nb5 Nxg4 23. cxd6 cxd6 24. Nbxd6 Nxf2 25. Rxf2 Rxd6 26. Nxd6 Qxd6 27. Qb3 Bd7 28. Rc1 Be8 29. Bf3 Kf8 30. Rfc2 Ng8 31. Rc7 Rb8 32. a4 Bf6 33. a5 Bd8 34. R7c3 Nf6 35. Qc4 Bg6 36. Re1 Kg7 37. Qc5 Be7 38. Qxa7 Qxb4 39.
Qxb8 Qxc3 40. Rb1 Bxe4 41. Rxb7 Qc5+ 42. Kh2 Bxf3 43. gxf3 Qf2+ 44. Kh1 Qxf3+ 45. Kg1 Qe3+ 46. Kh1 Qe1+ 47. Kg2 Qe2+ 48. Kg1 Qe1+ 49. Kg2 f3+ 50. Kxf3 e4+ 51. Kg2 Qe2+ 52. Kh1 Qf3+ 53. Kg1 Qd1+ 54.
Kh2 Ng4+ 55. Kg3 Qf3# 0-1

[Event "Early-Titled-Tuesday-Blitz-March-26-2024"]
[Site "Chess.com"]
[Date "2024.03.26"]
[Round "2"]
[White "Switzerlamb"]
[Black "Josgar05"]
[Result "1/2-1/2"]
[WhiteElo "2550"]
[BlackElo "2387"]
[TimeControl "180+1"]
[EndTime "8:17:38 PDT"]
[Termination "Game drawn by repetition"]

1. b3 d5 2. Bb2 Nf6 3. e3 e6 4. Nf3 c5 5. c4 Nc6 6. cxd5 exd5 7. Be2 Be7 8. O-O O-O 9. d4 b6 10. Nc3 Bb7 11. Rc1 Rc8 12. dxc5 bxc5 13. Na4 Ne4 14. Ba3 Nb4 15. Bxb4 cxb4 16. Nd4 Bd6 17. Bf3 Qf6 18. Qd3 Qh6 19. g3 Qf6 20. Bxe4 dxe4 21. Qb5 Ba8 22. Nf5 Be5 23. Rxc8 Rxc8 24. Qd7 Rf8 25. Rc1 g6 26. Nh6+ Kg7 27. Ng4 Qd6 28. Nxe5 Qxe5 29. Rc7 Bd5 30. Nc5 a5 31. Kg2 a4 32. Nxa4 Be6 33. Qd4 Qxd4 34. exd4 Rd8 35. Nc5 Bg4 36. h3 Bf3+ 37. Kf1 Kf6 38.
Rd7 Ra8 39. Rd6+ Ke7 40. Ra6 Rd8 41. Ra7+ Kf6 42. Nd7+ Ke6 43. Nc5+ Kf6 44. Rd7 Ra8 45.
Rd6+ Ke7 46. Ra6 Rd8 47. Ra7+ Kf6 1/2-1/2

[Event "Early-Titled-Tuesday-Blitz-March-26-2024"]
[Site "Chess.com"]
[Date "2024.03.26"]
[Round "2"]
[White "Witik"]
[Black "Chessdude1987"]
[Result "1-0"]
[WhiteElo "2761"]
[BlackElo "2382"]
[TimeControl "180+1"]
[EndTime "8:17:39 PDT"]
[Termination "Witik won on time"]

1. d4 e6 2. Nf3 f5 3. g3 Nf6 4. Bg2 d6 5. O-O Be7 6. b4 O-O 7. c4 Ne4 8. Nfd2 Nxd2 9. Bxd2 Bf6 10. Bc3 a5 11. b5 Qe8 12. e4 fxe4 13. Bxe4 e5 14. Qc2 exd4 15. Bxh7+ Kh8 16. Bg6 Qe5 17. Bb2 d3 18. Qd1 Qe2 19. Bxf6 Rxf6 20. Bxd3 Qxd1 21. Rxd1 Bg4 22. Re1 Nd7 23. Nc3 Nc5 24. Bf1 Raf8 25. f4 c6 26. Bg2 cxb5 27. cxb5 Bf5 28. Rad1 Nd3 29. Re3 Nb4 30. a3 Nc2 31. Re2 Nxa3 32. Red2 Rd8 33. Bxb7 Nc4 34. Rd4 Ne3 35. R1d2 a4 36.
Rxa4 1-0

[Event "Early-Titled-Tuesday-Blitz-March-26-2024"]
[Site "Chess.com"]
[Date "2024.03.26"]
[Round "2"]
[White "ZenBull"]
[Black "ChainedDowntohell"]
[Result "1/2-1/2"]
[WhiteElo "2283"]
[BlackElo "2505"]
[TimeControl "180+1"]
[EndTime "8:17:39 PDT"]
[Termination "Game drawn by repetition"]

1. c4 f5 2. g3 Nf6 3. Bg2 e6 4. d3 Be7 5. Nh3 O-O 6. O-O c6 7. b3 d6 8. e4 fxe4 9. dxe4 e5 10. f3 Na6 11. Be3 d5 12. cxd5 cxd5 13. Nd2 d4 14.
Bf2 Bd7 15. Kh1 Bb5 16. Re1 Rc8 17. Rc1 Qa5 18. a4 Bd3 19. Bf1 Bxf1 20. Rxf1 b5 21. axb5 Qxb5 22. Nc4 Nb4 23. Be1 Nc6 24. Nf2 Kh8 25.
Nd3 Nxe4 26. Qe2 Nc5 27. Ndxe5 Nxe5 28. Qxe5 Bf6 29. Qh5 g6 30. Qh3 Nxb3 31. Nd6 Qxf1+ 32. Qxf1 Rxc1 33. Kg2 Nc5 34. Qe2 d3 35. Qf2 Rc2 36.
Bd2 Nb3 37. Ne4 Nxd2 38. Nxd2 Bc3 39. Kh3 Bxd2 40. Qd4+ Kg8 41. Qd5+ Kh8 42. Qd4+ Kg8 43. Qd5+ Rf7 44. Qd8+ Kg7 45. Qd4+ Kh6 46. Qh4+ Kg7 47. Qd4+ Kg8 48. Qd8+ Rf8 49. Qd5+ 1/2-1/2

[Event "Early-Titled-Tuesday-Blitz-March-26-2024"]
[Site "Chess.com"]
[Date "2024.03.26"]
[Round "2"]
[White "Grischuk"]
[Black "Hamisandwich"]
[Result "1-0"]
[WhiteElo "3053"]
[BlackElo "2701"]
[TimeControl "180+1"]
[EndTime "8:17:40 PDT"]
[Termination "Grischuk won on time"]

1. d4 d5 2. Nf3 e6 3. c4 c5 4. cxd5 exd5 5. Bg5 Nf6 6. Nc3 Be6 7. e3 Nc6 8. Bb5 a6 9. Bxc6+ bxc6 10. O-O Be7 11. dxc5 Bxc5 12. Nd4 Rc8 13. Rc1 Be7 14. Na4 c5 15. Bxf6 gxf6 16. Nb3 c4 17. Nd4 O-O 18. b3 Kh8 19. Qe2 Qa5 20. Rfd1 Bd7 21. h3 Ba3 22. Rc2 Rg8 23. Qf3 Rg6 24. Nc3 Rcg8 25. g3 Be6 26. Nce2 Bxh3 27. bxc4 dxc4 28. Rxc4 Bg4 29. Qe4 Qe5 30. Qg2 Bd6 31. Rdc1 Bb8 32. Nf4 1-0

[Event "Early-Titled-Tuesday-Blitz-March-26-2024"]
[Site "Chess.com"]
[Date "2024.03.26"]
[Round "2"]
[White "sjoerd893"]
[Black "crescentmoon2411"]
[Result "1/2-1/2"]
[WhiteElo "2505"]
[BlackElo "2884"]
[TimeControl "180+1"]
[EndTime "8:17:41 PDT"]
[Termination "Game drawn - insufficient material"]

1. e4 c5 2. Nf3 Nc6 3. d4 cxd4 4. Nxd4 e5 5. Nb5 d6 6. N1c3 a6 7. Na3 Be6 8. Nc4 Rb8 9. a4 Be7 10. Ne3 Nf6 11. Be2 O-O 12. O-O Nd4 13. Bg4 Nxg4 14. Nxg4 b5 15. axb5 axb5 16. Ne3 b4 17. Ncd5 Bg5 18. c4 bxc3 19. bxc3 Nb3 20. Rb1 Nc5 21. Rxb8 Qxb8 22. Qc2 Kh8 23. Ba3 Qa7 24. Bxc5 Qxc5 25. c4 g6 26. Rb1 f5 27. exf5 gxf5 28. Rb7 Qd4 29. g3 Rc8 30. Nxf5 Qa1+ 31. Rb1 Qa6 32. Nfe3 Bxe3 33. Nxe3 d5 34. Qe2 dxc4 35. Ng4 Bxg4 36. Qxg4 c3 37. Qe4 Qd6 38. Rc1 c2 39. Kg2 Qc6 40.
Qxc6 Rxc6 41. Kf3 Kg7 42. Ke4 Kf6 43. Kd3 Kf5 44. Rxc2 e4+ 45. Kd2 Rxc2+ 46. Kxc2 Kg4 47. Kd2 Kf3 48. Ke1 Kg2 49. h4 Kf3 50. Kf1 e3 51.
fxe3 Kxg3 52. Ke2 Kxh4 53. Kf3 Kg5 54. Kg3 Kf6 55. Kh4 Ke5 56. Kh5 Ke4 57. Kh6 Kxe3 58. Kxh7 1/2-1/2

[Event "Early-Titled-Tuesday-Blitz-March-26-2024"]
[Site "Chess.com"]
[Date "2024.03.26"]
[Round "2"]
[White "JoliyRoger"]
[Black "KacperKacprzak"]
[Result "0-1"]
[WhiteElo "2415"]
[BlackElo "2692"]
[TimeControl "180+1"]
[EndTime "8:17:42 PDT"]
[Termination "KacperKacprzak won by resignation"]

1. d4 d5 2. Nf3 Nf6 3. c4 e6 4.
Nc3 dxc4 5. e3 a6 6. Bxc4 b5 7. Bd3 Bb7 8. O-O c5 9. Qe2 Nbd7 10. Rd1 Rc8 11. e4 cxd4 12. Nxd4 Bc5 13. Nb3 Be7 14.
e5 Nd5 15. Nxd5 Bxd5 16. Bf4 O-O 17. Qh5 g6 18. Qh3 Bg5 19. Bg3 Qb6 20. Kh1 Rfd8 21.
f4 Be7 22. f5 exf5 23. Bxf5 Bxg2+ 24. Qxg2 gxf5 25. Rd6 Qb8 26. e6 Qa8 27. Qxa8 Rxa8 28. Rxd7 Kf8 29. Rxd8+ Rxd8 30. exf7 Kxf7 31. Bf4 Bf6 32.
Rb1 Rc8 33. Rc1 Re8 34. Rc2 Re4 35. Bc1 Kg6 36. Kg2 Ra4 37. a3 Rh4 38. h3 f4 39.
Nd2 Kf5 40. Nf3 Rh6 41. Rc5+ Ke4 42. Rc6 Rg6+ 43. Kf2 Bh4+ 44. Nxh4 Rxc6 45. Bd2 Rc2 46. Nf3 Rxb2 47. Ke2 Ra2 48. Ng5+ Kf5 49. Nxh7 f3+ 50. Ke3 f2 0-1

[Event "Early-Titled-Tuesday-Blitz-March-26-2024"]
[Site "Chess.com"]
[Date "2024.03.26"]
[Round "2"]
[White "Veleamater"]
[Black "blitzking1729"]
[Result "1-0"]
[WhiteElo "2412"]
[BlackElo "2755"]
[TimeControl "180+1"]
[EndTime "8:17:43 PDT"]
[Termination "Veleamater won by checkmate"]

1. g3 Nf6 2. Bg2 e5 3. d3 d5 4.
Nf3 Bd6 5. O-O O-O 6. Nc3 d4 7. Ne4 Nxe4 8. dxe4 Nc6 9. Ne1 Kh8 10. h3 f6 11. Nd3 Be6 12. f4 Ne7 13. f5 Bg8 14. g4 c5 15. Rf3 c4 16. Nf2 Nc6 17.
h4 Be7 18. Rg3 Rc8 19. Kh2 Qe8 20. Bf3 g5 21. fxg6 hxg6 22. Bh6 Rf7 23. g5 fxg5 24. Bxg5 Bxg5 25. hxg5 Rh7+ 26. Kg2 Be6 27. Qd2 Kg7 28. Rh1 Rxh1 29. Nxh1 Qh8 30. Nf2 Qh4 31. Bg4 Bxg4 32. Rxg4 Qh5 33. Rg3 Rf8 34. Ng4 Rf4 35. Nf6 Qh4 36. e3 Rxe4 37. Nxe4 Qxe4+ 38. Kg1 d3 39. cxd3 cxd3 40. Qf2 Qf5 41. e4 Qxe4 42. Qf6+ Kg8 43. Rf3 Qe1+ 44. Kg2 Qe2+ 45. Kg3 Qe1+ 46. Rf2 Qe3+ 47. Kh2 Qc5 48. Qxg6+ Kh8 49. Qe8+ Kg7 50. Rf7+ Kg6 51. Qe6+ Kh5 52. Qh6+ Kg4 53. Qh3+ Kxg5 54. Rf5+ Kg6 55. Qh5+ Kg7 56. Rf7+ Kg8 57. Qh7# 1-0

[Event "Early-Titled-Tuesday-Blitz-March-26-2024"]
[Site "Chess.com"]
[Date "2024.03.26"]
[Round "2"]
[White "Firouzja2003"]
[Black "SharapovEvgeny"]
[Result "1-0"]
[WhiteElo "3074"]
[BlackElo "2561"]
[TimeControl "180+1"]
[EndTime "8:17:43 PDT"]
[Termination "Firouzja2003 won by resignation"]

1. Nf3 c5 2. g3 Nc6 3. Bg2 e5 4. O-O g6 5. d3 Bg7 6. c4 Nge7 7.
Nc3 d6 8. a3 a5 9. Rb1 O-O 10.
Bd2 Rb8 11. Ne1 Be6 12. Nd5 b5 13. Nc2 b4 14. axb4 Nxb4 15. Ncxb4 axb4 16. Ne3 f5 17. Ra1 f4 18. Nd5 Nxd5 19. cxd5 Bg4 20. Be4 Ra8 21. f3 Bd7 22. Kg2 g5 23. Qc2 Qb6 24. g4 Bf6 25. d4 h6 26. dxc5 Qxc5 27. Qxc5 dxc5 28. d6 Rxa1 29.
Rxa1 Rd8 30. Ra5 Be6 31. Rxc5 Rxd6 32. Bxb4 Rb6 33. Bc3 Bf7 34. b4 Be7 35. Rc8+ Bf8 36. Bxe5 Be6 37. Rc7 Bf7 38. Rc8 Be6 39. Ra8 Kf7 40.
Ra7+ Be7 41. Bd4 Rd6 42. Bc5 Rd7 43. Rxd7 Bxd7 44. Bxe7 Kxe7 45. Kf2 Kd6 46. e3 fxe3+ 47. Kxe3 Ke5 48. Bd3 Bc6 49. b5 Bb7 50. Be4 Bc8 51.
b6 1-0

[Event "Early-Titled-Tuesday-Blitz-March-26-2024"]
[Site "Chess.com"]
[Date "2024.03.26"]
[Round "2"]
[White "DCacheiro"]
[Black "Marielchessy"]
[Result "1-0"]
[WhiteElo "2523"]
[BlackElo "2286"]
[TimeControl "180+1"]
[EndTime "8:17:43 PDT"]
[Termination "DCacheiro won by resignation"]

1. e4 c5 2. Nf3 d6 3. d4 cxd4 4. Nxd4 Nf6 5. Nc3 a6 6. Bg5 e6 7.
f4 Be7 8. Qf3 Qc7 9. O-O-O Nbd7 10. f5 Ne5 11. Qh3 exf5 12. Nxf5 Bxf5 13. Qxf5 Rc8 14. Kb1 O-O 15. Bxf6 Bxf6 16. Bd3 Nxd3 17. Rxd3 Bxc3 18. Rxc3 Qb8 19. Rd3 Rc5 20. Qf4 Rfc8 21. c3 Re5 22. Rhd1 Rce8 23. Rxd6 Rxe4 24. Qxe4 Rxe4 25.
Rd8+ Re8 26. Rxb8 Rxb8 27. Rd7 Kf8 28. Kc2 Ke8 29. Rc7 h5 30. a4 g5 31. b4 g4 32. c4 h4 33. Kc3 Kf8 34. c5 Kg7 35. b5 axb5 36. axb5 Kf6 37. Kc4 Ke6 38. b6 h3 39.
gxh3 gxh3 40. Kb5 Rg8 41. Rxb7 Rg2 42. Rb8 Rxh2 43. Rh8 Kd5 44. Rh5+ Kd4 45. b7 Rb2+ 46. Kc6 h2 47. Rxh2 1-0

[Event "Early-Titled-Tuesday-Blitz-March-26-2024"]
[Site "Chess.com"]
[Date "2024.03.26"]
[Round "2"]
[White "JERO-8914"]
[Black "1800_strength"]
[Result "0-1"]
[WhiteElo "2429"]
[BlackElo "2810"]
[TimeControl "180+1"]
[EndTime "8:17:44 PDT"]
[Termination "1800_strength won by resignation"]

1. c4 b6 2. d4 Bb7 3. Nc3 e6 4.
a3 f5 5. Nf3 Nf6 6. g3 g6 7.
Bg2 Bg7 8. O-O O-O 9. d5 Na6 10.
Nd4 e5 11. Nc2 d6 12. b4 e4 13. Be3 Ng4 14. Bd4 Ne5 15. Ne3 Qe7 16. f3 exf3 17.
exf3 f4 18. gxf4 Rxf4 19. Ne2 Rh4 20. Qd2 Rf8 21. Rae1 Nb8 22. f4 Ng4 23. Ng3 Bxd4 24. Qxd4 Qf6 25. Qxf6 Nxf6 26. f5 Nbd7 27. fxg6 hxg6 28. Nc2 Ne5 29. c5 bxc5 30. bxc5 Bxd5 31. cxd6 cxd6 32. Ne3 Bxg2 33. Nxg2 Rh7 34. Rd1 Nfg4 35. Rxd6 Nf3+ 36. Rxf3 Rxf3 37. Rxg6+ Rg7 38. Rxg7+ Kxg7 39. Nh5+ Kh6 40. Ng3 Rxa3 41. Nf5+ Kg5 42. Nd6 Ra1+ 0-1

[Event "Early-Titled-Tuesday-Blitz-March-26-2024"]
[Site "Chess.com"]
[Date "2024.03.26"]
[Round "2"]
[White "noblerone"]
[Black "alekroth65"]
[Result "1-0"]
[WhiteElo "2568"]
[BlackElo "2385"]
[TimeControl "180+1"]
[EndTime "8:17:44 PDT"]
[Termination "noblerone won on time"]

1. d4 d6 2. c4 e5 3. Nf3 Nd7 4. g3 Ngf6 5. Bg2 g6 6. O-O Bg7 7. Nc3 O-O 8. Bg5 h6 9. Bxf6 Qxf6 10. e3 c6 11. h3 exd4 12. Nxd4 Nc5 13. Nde2 Re8 14.
b4 Ne6 15. b5 Bd7 16. Qxd6 Red8 17. Qa3 a6 18. bxc6 Bxc6 19. Bxc6 bxc6 20. Rad1 Qf5 21.
Kg2 Ng5 22. Nf4 Bxc3 23. Qxc3 Rxd1 24. Rxd1 Qe4+ 25. Kf1 Qh1+ 26. Ke2 Qf3+ 27. Ke1 Ne4 28. Qc2 Re8 29. Rd4 Nxg3 30. Qd1 Qh1+ 31. Kd2 Ne4+ 32. Kc2 Qxd1+ 33. Rxd1 Nxf2 34. Rd7 Rxe3 35. Rd8+ 1-0

[Event "Early-Titled-Tuesday-Blitz-March-26-2024"]
[Site "Chess.com"]
[Date "2024.03.26"]
[Round "2"]
[White "imdvb6307"]
[Black "LuisFSiles"]
[Result "1/2-1/2"]
[WhiteElo "2513"]
[BlackElo "2302"]
[TimeControl "180+1"]
[EndTime "8:17:44 PDT"]
[Termination "Game drawn by repetition"]

1. d4 Nf6 2. Nf3 g6 3. c4 Bg7 4. Nc3 d5 5. Bf4 O-O 6. Rc1 c6 7. e3 Bg4 8. h3 Bxf3 9. Qxf3 e6 10. Bd3 Nfd7 11. cxd5 exd5 12. O-O Nf6 13. Rc2 Nbd7 14. Na4 Re8 15. Bg5 Qa5 16. b3 Ne4 17. Bf4 f5 18. Rfc1 Rf8 19. h4 Rae8 20. Qd1 h6 21. f3 Nef6 22.
Qd2 Qd8 23. Bg3 Nh5 24. Bf2 g5 25. g4 fxg4 26. Bg6 g3 27. Bxh5 gxf2+ 28. Qxf2 g4 29. Bxe8 Rxf3 30. Bxd7 Rxf2 31. Be6+ Kh8 32. Rxf2 Qxh4 33.
Rg2 Qg5 34. Re1 h5 35. Nc3 Bh6 36. Nd1 Qh4 37. Rf1 Qh3 38. Bf7 Bxe3+ 39. Nxe3 Qxe3+ 40. Kh2 Qh3+ 41. Kg1 Qe3+ 42. Kh2 Qh3+ 43. Kg1 Qe3+ 1/2-1/2

[Event "Early-Titled-Tuesday-Blitz-March-26-2024"]
[Site "Chess.com"]
[Date "2024.03.26"]
[Round "2"]
[White "Vision_64"]
[Black "BigAl"]
[Result "0-1"]
[WhiteElo "2250"]
[BlackElo "2508"]
[TimeControl "180+1"]
[EndTime "8:17:44 PDT"]
[Termination "BigAl won on time"]

1. e4 c6 2. d4 d5 3. exd5 cxd5 4. Bd3 Nc6 5. c3 Qc7 6. Ne2 Bg4 7. O-O e6 8. Qe1 Bd6 9. f3 Bf5 10. Bxf5 exf5 11.
Nf4+ Kf8 12. Nxd5 Bxh2+ 13. Kh1 Qd6 14. Ne3 g6 15. Na3 Bg3 16. Nec4 Qc7 17. Nb5 Qb8 18. Qe3 a6 19. Nba3 b5 20. Ne5 Nxe5 21. dxe5 Qxe5 22.
Qxe5 Bxe5 23. Re1 Bd6 24. Nc2 Kg7 25. Nd4 Nf6 26. Bg5 Rhe8 27. Rad1 Bg3 28. Rxe8 Rxe8 29. Kg1 Nh5 30. Kf1 h6 31. Bc1 Nf6 32. Ne2 Bb8 33. Bf4 Ba7 34. Nd4 g5 35. Bc1 Kg6 36. Re1 Rxe1+ 37. Kxe1 Bxd4 38. cxd4 Nd5 39. Bd2 f4 40. Ke2 f5 41. Kd3 h5 42. b3 h4 43.
a4 g4 44. fxg4 fxg4 45. Ke4 h3 46. gxh3 gxh3 47. Kf3 Kf5 48. axb5 axb5 49. Be1 Ne3 0-1

[Event "Early-Titled-Tuesday-Blitz-March-26-2024"]
[Site "Chess.com"]
[Date "2024.03.26"]
[Round "2"]
[White "yonaltimur"]
[Black "jinbojinbo"]
[Result "0-1"]
[WhiteElo "2402"]
[BlackElo "2643"]
[TimeControl "180+1"]
[EndTime "8:17:45 PDT"]
[Termination "jinbojinbo won by checkmate"]

1. e4 e5 2. Nf3 Nc6 3. Bb5 a6 4. Ba4 Nf6 5. O-O b5 6. Bb3 Bc5 7. Re1 d6 8. c3 O-O 9. d4 Bb6 10. h3 Re8 11. d5 Ne7 12. Be3 Bxe3 13. Rxe3 Bb7 14. a4 c6 15. dxc6 Bxc6 16. Nbd2 h6 17.
Rd3 Bxe4 18. Nxe4 Nxe4 19. Nxe5 Qb6 20. Nxf7 Nxf2 21. Rxd6 Qc5 22. Qd4 Nxh3+ 23. gxh3 Qh5 24. Nxh6+ Kh7 25. Qd3+ g6 26. Nf7 Nf5 27. Rd7 Re3 28. Ng5+ Kh8 29. Nf7+ Kg7 30. Ng5+ Kh8 31. Qd5 Qxg5+ 32.
Kf2 Qf4+ 33. Kg1 Rg3+ 34. Kh2 Qf2+ 35. Kh1 Rxh3# 0-1

[Event "Early-Titled-Tuesday-Blitz-March-26-2024"]
[Site "Chess.com"]
[Date "2024.03.26"]
[Round "2"]
[White "Irina_Baraeva"]
[Black "xasid81"]
[Result "1-0"]
[WhiteElo "2462"]
[BlackElo "2579"]
[TimeControl "180+1"]
[EndTime "8:17:45 PDT"]
[Termination "Irina_Baraeva won by resignation"]

1. d4 a6 2. e4 e6 3. Nf3 d6 4. Be2 h6 5. c4 g6 6. Nc3 Bg7 7.
O-O Ne7 8. Be3 O-O 9. Qd2 Kh7 10. Rad1 b6 11. b4 Bb7 12. a3 Nd7 13. Ne1 f5 14. f3 Qe8 15. Nd3 fxe4 16. fxe4 Nf6 17. Bf3 Nd7 18.
Nf4 Ng8 19. Bg4 Ndf6 20. Bxe6 Nxe4 21. Nxe4 Bxe4 22. Bh3 Nf6 23. Ne6 Qe7 24. Nxg7 Qxg7 25. d5 Ng8 26. Bd4 Qe7 27. Rxf8 Rxf8 28. Re1 Qh4 29.
Qe3 Bf5 30. Bxf5 Rxf5 31. Ba1 Qf4 32. Qxf4 Rxf4 33. Rf1 Rxf1+ 34. Kxf1 g5 35. Ke2 Kg6 36. Kf3 h5 37. Ke4 Ne7 38. Bd4 b5 39. c5 dxc5 40.
bxc5 Nc8 41. Be5 Kf7 42. Bxc7 Ke7 43. c6 a5 44. Bxa5 Nd6+ 45. Kd4 Nf5+ 46. Ke5 Ne3 47. d6+ 1-0

[Event "Early-Titled-Tuesday-Blitz-March-26-2024"]
[Site "Chess.com"]
[Date "2024.03.26"]
[Round "2"]
[White "Titus369"]
[Black "lilleper1"]
[Result "0-1"]
[WhiteElo "2622"]
[BlackElo "2922"]
[TimeControl "180+1"]
[EndTime "8:17:47 PDT"]
[Termination "lilleper1 won by resignation"]

1. e4 e5 2. Nf3 Nc6 3. Bb5 d6 4. O-O Bd7 5. c3 Nf6 6. d4 a6 7.
Ba4 g6 8. h3 Bg7 9. Re1 O-O 10.
dxe5 dxe5 11. Nbd2 h6 12. Nf1 Nh5 13. Ne3 b5 14.
Bb3 Na5 15. Bc2 Be6 16. a4 Qxd1 17. Rxd1 Nb3 18. Ra3 Nxc1 19. Rxc1 Nf4 20. Rd1 Rfd8 21. Raa1 f6 22. Nd5 Nxd5 23. exd5 Bf7 24. axb5 axb5 25. Rxa8 Rxa8 26. d6 cxd6 27. Rxd6 f5 28. Rb6 Ra1+ 29. Kh2 e4 30. Nd4 Rf1 31. Rxb5 Rxf2 32. Bb3 Bxb3 33. Nxb3 Rxb2 34. c4 e3 35. Nc1 Rc2 36. Nd3 Rxc4 37. Rb8+ Kh7 38. Re8 f4 39. Ne1 g5 40. Nf3 Rc2 41. Kg1 Kg6 42. g3 Rf2 43. Ne5+ Bxe5 44. Rxe5 Rf3 45. gxf4 gxf4 46. Kg2 Rf2+ 47. Kg1 Kf6 48.
Re8 Ra2 49. h4 Kf5 50. Kf1 Kg4 0-1

[Event "Early-Titled-Tuesday-Blitz-March-26-2024"]
[Site "Chess.com"]
[Date "2024.03.26"]
[Round "2"]
[White "DavidGavrilescu18"]
[Black "KevinGeorgeMicheal"]
[Result "1-0"]
[WhiteElo "2768"]
[BlackElo "2392"]
[TimeControl "180+1"]
[EndTime "8:17:47 PDT"]
[Termination "DavidGavrilescu18 won by resignation"]

1. e4 e5 2. Bc4 Nf6 3. Nc3 Nxe4 4. Qh5 Nd6 5. Bb3 Be7 6. Qxe5 O-O 7. d3 Kh8 8. Nge2 Nc6 9. Qf4 Bf6 10. O-O Be5 11. Qf3 Nd4 12. Nxd4 Bxd4 13. Bf4 Nf5 14. Nd5 d6 15. c3 Bf6 16. Rae1 Be6 17. Nxf6 Qxf6 18.
Qxb7 Rab8 19. Qxc7 Bxb3 20. axb3 Rxb3 21. Re2 Nd4 22.
Re4 Ne6 23. Qxd6 Rd8 24. Qc6 Rb6 25. Qc4 Rxb2 26. Be5 Qg6 27. h4 f5 28. Re3 Rb6 29. d4 f4 30. Rf3 Qf5 31. Re1 Re8 32. d5 Rb1 33. Rxb1 Qxb1+ 34. Kh2 Nf8 35. Qxf4 Ng6 36.
Bxg7+ Kxg7 37. Qf7+ Kh6 38. Qxe8 Qb3 39. Qe3+ Kg7 40. Qd4+ Kh6 41. h5 Kxh5 42. Rh3+ Kg5 43. f4+ Nxf4 44. Qe5+ Kg4 45. Rg3+ 1-0